 Dungeon Crawl Stone Soup version 0.30.1-11-g7821555f0a (webtiles) character file.

Game seed: 4234130134256268763

44162 kelmen the Warrior (level 13, -91/126 HPs)
             Began as a Minotaur Berserker on Nov 20, 2023.
             Was an Elder of Trog.
             Killed from afar by Nikola (124 damage)
             ... with an arc of chain lightning
             ... on level 3 of the Snake Pit on Nov 21, 2023.
             The game lasted 00:48:40 (13682 turns).

kelmen the Warrior (Minotaur Berserker)            Turns: 13682, Time: 00:48:43

Health: -91/126    AC: 32    Str: 26    XL:     13   Next: 94%
Magic:  12/12      EV: 11    Int:  8    God:    Trog [****..]
Gold:   997        SH: 13    Dex: 16    Spells: 12/12 levels left

rFire   + . .        s - +6 broad axe (elec)
rCold   . . .        P - +2 tower shield {rN+}
rNeg    + . .        B - +8 plate armour of Ennui {Harm rPois Int-2 Dex+5}
rPois   +            (helmet restricted)
rElec   .            R - +2 cloak
rCorr   .            S - +1 pair of gloves
SInv    .            Q - +0 pair of boots
Will    .....        (no amulet) Stlth
                     p - ring of protection from fire
HPRegen 0.41/turn    H - +6 ring of intelligence
MPRegen 0.13/turn

%: harm (+30% outgoing, +20% incoming)
@: no status effects
A: horns 2, retaliatory headbutt
a: Renounce Religion, Berserk, Trog's Hand, Brothers in Arms


You were on level 3 of the Snake Pit.
You worshipped Trog.
Trog was greatly pleased with you.
You visited 3 branches of the dungeon, and saw 15 of its levels.

You collected 1476 gold pieces.
You spent 479 gold pieces at shops.

Inventory:

Hand Weapons
 a - a +0 hand axe
 s - a +6 broad axe of electrocution (weapon)
 w - a +0 hand axe of venom
 G - a +4 broad axe of freezing
Missiles
 y - 2 throwing nets (quivered)
Armour
 B - the +8 plate armour of Ennui (worn) {Harm rPois Int-2 Dex+5}
   (You found it on level 6 of the Dungeon)

   Int:       It affects your intelligence (-2).
   Dex:       It affects your dexterity (+5).
   rPois:     It protects you from poison.
   Harm:      It increases damage dealt and taken.
 M - a scarf of resistance
 P - a +2 tower shield of positive energy (worn)
 Q - a +0 pair of boots (worn)
 R - a +2 cloak (worn)
 S - a +1 pair of gloves (worn)
Jewellery
 p - a ring of protection from fire (left hand)
 H - a +6 ring of intelligence (right hand)
 K - a ring of flight
 T - a +4 ring of protection
 U - a ring of willpower
Wands
 q - a wand of polymorph (6)
 u - a wand of flame (40)
 v - a wand of charming (12)
 x - a wand of mindburst (7)
 C - a wand of acid (15)
 E - a wand of digging (7)
 J - a wand of iceblast (25)
Scrolls
 b - a scroll of fear
 c - 2 scrolls of fog
 f - 4 scrolls of vulnerability
 g - a scroll of immolation
 l - a scroll of enchant weapon
 m - 11 scrolls of teleportation
 o - 2 scrolls of blinking
 t - a scroll of amnesia
 A - a scroll of silence
 F - a scroll of identify
 L - a scroll of poison {unknown}
 N - 2 scrolls of summoning
Potions
 d - 12 potions of curing
 e - 3 potions of attraction {unknown}
 h - 6 potions of heal wounds {unknown}
 i - 4 potions of might
 j - 2 potions of lignification {unknown}
 k - 4 potions of degeneration {unknown}
 n - 2 potions of invisibility {unknown}
 r - 6 potions of mutation {unknown}
 z - a potion of ambrosia {unknown}
 D - 2 potions of magic {unknown}
 I - a potion of brilliance {unknown}
 O - 2 potions of flight {unknown}


   Skills:
 + Level 15.1 Fighting
 + Level 15.0 Axes
 + Level 14.8 Armour
 + Level 13.5 Dodging


You had 12 spell levels left.
You didn't know any spells.
Your spell library was empty.

Dungeon Overview and Level Annotations

Branches:
Dungeon (10/15)            Temple (0/1) D:6            Lair (2/5) D:10
  Swamp (0/4) Lair:2        Snake (3/4) Lair:2
    Orc: D:9-12

Altars:
Ashenzari
Kikubaaqudgha

Shops:
D:5 (   D:9 ([

Portals:
Abyss: D:4

Annotations:
D:4 2 transporters, Gatsu's ghost, amateur HuFi
Lair:1 exclusion: oklob plant
Snake:3 Nikola


Innate Abilities, Weirdness & Mutations

You have a pair of horns on your head.
You reflexively headbutt those who attack you in melee.


Message History

Trog will no longer gift you weapons.
Nikola shouts!
You hear an angry hiss. x2
Found a stone staircase leading down.
Nikola casts a spell.
Lightning arcs from Nikola's hands!
The bolt of lightning hits you!!
You hear an angry hiss.
You hear a shout!
You hear an angry hiss. x2
You hear a shout! x3
Your ogre barely misses Nikola.
Nikola hits your ogre with a +1 rapier of electrocution!
A black mamba comes into view.
You swap places.
A naga comes into view. It is wielding a +0 war axe.
The naga shouts!
Nikola closely misses you. Nikola attacks as you move away!
You block Nikola's attack.
Your ogre hits Nikola with a +0 giant club!!!
You slash Nikola!
Nikola is moderately wounded.
A black mamba comes into view.
Nikola hits you but does no damage.
Your ogre hits Nikola with a +0 giant club.
A black mamba comes into view.
The black mamba moves out of view.
You hit Nikola. Lightning courses through Nikola! You headbutt Nikola!
Nikola is heavily wounded.
A black mamba comes into view.
Nikola hits you but does no damage.
Your ogre hits Nikola with a +0 giant club!!
Nikola points at you and mumbles some strange words.
The bolt of lightning hits you!!!
* * * LOW HITPOINT WARNING * * *
You hear an angry hiss.
You slice Nikola!!
Nikola is almost dead.
Your ogre barely misses Nikola.
A naga ritualist comes into view. It is wielding a +0 broad axe.
Nikola gestures wildly while chanting.
Lightning arcs from Nikola's hands!
The bolt of lightning hits you!!!!
Ouch! That really hurt!
You die...

##.....# #....##
##....######..
#.............
..............
##....######..# # ##....#
#..## .# #.....### #..##
..#.. #.......##
#>.@##...... #..##.<..###
##.O@S.S..N.
..###.#....###...##S.....
.####.####.....### ##...
.# #..####....## . .#
#.........## ##
#....####.# .##...### #.#
#.#.#.. ..#


You could see Nikola (ally target), a naga ritualist, 3 black mambas and a
friendly ogre (summoned, berserk).

Vanquished Creatures
  Gastronok (D:9)
  Aizul (Snake:2)
  A dire elephant (Snake:1)
  Harold (D:9)
  8 anacondas
  A two-headed ogre (D:10)
  3 naga warriors (Snake:2)
  A shock serpent (Snake:2)
  4 naga sharpshooters
  Urug (Lair:2)
  2 salamander mystics
  A deep elf archer (Snake:1)
  A naga ritualist (Snake:1)
  3 mana vipers
  A manticore (D:10)
  6 salamanders
  Maurice (D:9)
  2 naga magi (Snake:1)
  A guardian serpent (Snake:2)
  13 black mambas
  Joseph (D:7)
  Maggie (D:7)
  A rime drake (Lair:2)
  3 cane toads
  4 komodo dragons
  A kobold demonologist (D:10)
  A troll (D:10)
  4 hornets
  A vampire (D:10)
  A shadow (D:10)
  A wyvern (Lair:1)
  20 yaks
  2 wraiths (D:10)
  2 wargs (D:10)
  9 nagas
  An acid dragon (D:10)
  3 water moccasins
  8 orc warriors
  An ice beast (D:6)
  4 ogres
  10 centaurs
  6 wolves (Lair:1)
  A phantom (D:7)
  9 bullfrogs
  4 kobold brigands
  3 gnoll sergeants
  7 scorpions
  7 wights
  11 killer bees
  5 howler monkeys
  An electric eel (Lair:1)
  9 orc priests
  4 jellies
  3 sleepcaps
  2 gnoll boudas (D:7)
  10 orc wizards
  Ijyb (D:5)
  2 iguanas (D:5)
  Robin (D:1)
  28 gnolls
  9 adders
  3 white imps (D:7)
  2 ufetubi
  5 worms
  3 dart slugs
  62 orcs
  7 ball pythons
  6 endoplasms
  4 giant cockroaches
  13 hobgoblins
  4 jackals (D:1)
  5 quokkas
  4 bats (D:1)
  11 frilled lizards
  13 goblins
  10 kobolds
  3 rats
410 creatures vanquished.

Vanquished Creatures (collateral kills)
  A dire elephant (Snake:1)
  A shock serpent (Snake:1)
  A deep elf knight (Snake:1)
  Amaemon (D:8)
  A mana viper (Snake:1)
  A black mamba (Snake:1)
  An orange demon (D:8)
  A raiju (Snake:1)
  An orc warrior (D:8)
  A gnoll bouda (D:8)
  An orc priest (D:8)
  4 gnolls (D:8)
  An orc (D:8)
16 creatures vanquished.

Grand Total: 426 creatures vanquished

Notes
Turn   | Place    | Note
-------+----------+-------------------------------------------
     0 | D:1      | kelmen the Minotaur Berserker began the quest for the Orb.
     0 | D:1      | Reached XP level 1. HP: 19/19 MP: 0/0
   175 | D:1      | Reached XP level 2. HP: 23/27 MP: 1/1
   422 | D:1      | Reached XP level 3. HP: 28/33 MP: 2/2
   602 | D:1      | Reached ** piety under Trog
   815 | D:2      | Noticed Robin
   859 | D:1      | Killed Robin
   860 | D:1      | Reached XP level 4. HP: 35/41 MP: 3/3
  1079 | D:2      | Reached *** piety under Trog
  1195 | D:3      | Found an ancient bone altar of Kikubaaqudgha.
  1198 | D:3      | Found a broken altar of Ashenzari.
  1284 | D:3      | You fall into a shaft and drop 1 floor!
  1289 | D:4      | Noticed a scorpion
  1298 | D:4      | Killed a scorpion
  1299 | D:4      | Reached XP level 5. HP: 36/47 MP: 4/4
  1406 | D:4      | Reached skill level 5 in Fighting
  1406 | D:4      | Reached skill level 5 in Axes
  1442 | D:4      | Reached XP level 6. HP: 18/56 MP: 5/5
  2028 | D:3      | Found a faded altar of an unknown god.
  2431 | D:4      | Reached **** piety under Trog
  2443 | D:4      | Noticed a small abomination
  2445 | D:4      | Noticed a small abomination
  2450 | D:4      | Found a transporter.
  2453 | D:4      | Found a one-way gate to the infinite horrors of the Abyss.
  2453 | D:4      | Noticed Gatsu's ghost (amateur HuFi)
  2530 | D:4      | Found a transporter.
  2537 | D:4      | Reached skill level 5 in Armour
  2547 | D:4      | Reached XP level 7. HP: 47/62 MP: 6/6
  2762 | D:5      | Entered Level 5 of the Dungeon
  2762 | D:5      | Noticed Ijyb
  2765 | D:5      | Killed Ijyb
  2866 | D:5      | Reached skill level 5 in Dodging
  3413 | D:5      | Found Xifeblubb's Antique Weapon Emporium.
  3421 | D:5      | Bought a runed hand axe for 180 gold pieces
  3606 | D:6      | Reached XP level 8. HP: 66/71 MP: 7/7
  4134 | D:6      | Found a staircase to the Ecumenical Temple.
  4257 | D:6      | Found a glowing drain.
  4309 | D:6      | Identified the +8 plate armour of Ennui {Harm rPois Int-2
                  | Dex+5}
  4658 | D:7      | Noticed Joseph
  4675 | D:7      | Killed Joseph
  4676 | D:7      | Reached XP level 9. HP: 30/81 MP: 8/8
  5217 | D:7      | Noticed Maggie
  5237 | D:7      | Killed Maggie
  5359 | D:7      | Reached ***** piety under Trog
  5641 | D:7      | Found a runed translucent door.
  5692 | D:7      | Received a gift from Trog
  5716 | D:7      | Reached XP level 10. HP: 89/91 MP: 9/9
  6296 | D:8      | Reached skill level 10 in Fighting
  6671 | D:8      | Noticed Amaemon
  6671 | D:8      | Noticed an orange demon
  6679 | D:8      | Killed Amaemon
  6680 | D:8      | Reached skill level 10 in Axes
  6682 | D:8      | Killed an orange demon
  6683 | D:8      | Reached skill level 10 in Armour
  7237 | D:9      | Received a gift from Trog
  7312 | D:9      | Noticed Gastronok
  7390 | D:9      | Noticed Maurice
  7401 | D:9      | Killed Maurice
  7458 | D:9      | Noticed Harold
  7469 | D:9      | Killed Harold
  7470 | D:9      | Reached XP level 11. HP: 85/102 MP: 10/10
  7475 | D:9      | Found Jeifaam's Weapon Emporium.
  7603 | D:9      | Identified the +3 spear "Beetleslayer" {flame, Str+2}
  7621 | D:9      | Found Ececilock's Antique Armour Shop.
  7629 | D:9      | Bought a shiny tower shield for 187 gold pieces
  7629 | D:9      | Bought a pair of boots for 112 gold pieces
  7799 | D:9      | Killed Gastronok
  7908 | D:10     | Entered Level 10 of the Dungeon
  7938 | D:10     | Paralysed by a hornet for 1 turns
  7943 | D:10     | Reached skill level 10 in Dodging
  8097 | D:10     | Found a staircase to the Lair.
  8731 | D:10     | Noticed a two-headed ogre
  8740 | D:10     | Killed a two-headed ogre
  9104 | Lair:1   | Entered Level 1 of the Lair of Beasts
  9289 | Lair:1   | Received a gift from Trog
  9290 | Lair:1   | Reached XP level 12. HP: 109/113 MP: 11/11
  9750 | Lair:2   | Noticed Urug
  9759 | Lair:2   | Killed Urug
  9794 | Lair:2   | Found a staircase to the Snake Pit.
  9909 | Lair:2   | Found a staircase to the Swamp.
 10352 | Snake:1  | Entered Level 1 of the Snake Pit
 10401 | Snake:1  | Noticed an anaconda
 10407 | Snake:1  | Killed an anaconda
 10456 | Snake:1  | Noticed an anaconda
 10458 | Snake:1  | Noticed an anaconda
 10471 | Snake:1  | Killed an anaconda
 10472 | Snake:1  | Killed an anaconda
 10749 | Snake:1  | Received a gift from Trog
 10756 | Snake:1  | Reached XP level 13. HP: 72/123 MP: 8/12
 11037 | Snake:1  | Noticed a dire elephant
 11037 | Snake:1  | Noticed a dire elephant
 11049 | Snake:1  | Killed a dire elephant
 11053 | Snake:1  | Killed a dire elephant
 12694 | Snake:2  | Noticed Aizul
 12712 | Snake:2  | Killed Aizul
 12875 | Snake:2  | Reached skill level 15 in Fighting
 13032 | Snake:3  | Noticed Nikola
 13589 | Snake:3  | Reached skill level 15 in Axes
 13682 | Snake:3  | Killed from afar by Nikola

Illustrated notes

Levels and vault maps discovered:
D:1:      ldierk_walled_garden, layout_basic, minmay_lizard_king
D:2:      layout_rooms, uniq_robin
D:3:      layout_loops_ring, jmf_multi_god_temple,
          shapermc_ecumenical_altar_acropolis, serial_park_tiny_pond,
          lemuel_flame_loot_1
D:4:      layout_loops_ring, gammafunk_ghost_abyssal_escape
D:5:      layout_rooms, serial_shops, shop, uniq_ijyb
D:6:      layout_loops_corners, minmay_temple_entry_sparse_star,
          cheibrodos_sewer_entry_bend
D:7:      kennysheep_seaside_town, layout_loops_ring, hangedman_decor_slide_cut,
          lightli_church_of_beogh, uniq_joseph, uniq_crazy_yiuf_cottage,
          uniq_maggie
D:8:      layout_gridville, uniq_amaemon
D:9:      layout_roguey, serial_shops, nicolae_shop_overgrown_old_shop,
          nicolae_shop_peninsula, uniq_harold, uniq_maurice, uniq_gastronok
D:10:     minmay_polygon_palace, layout_long_grid, erik_lair_orcish_takeover,
          minmay_strange_pillars
Lair:1:   layout_chaotic_city, serial_bayou_lagoon_b, grunt_megastairs_4
Lair:2:   layout_small_grid, swamp_mist, guppyfry_snake_entry_garden, uniq_urug
Snake:1:  layout_gridlike, nicolae_snake_linked_coils, beargit_elvish_explorers
Snake:2:  layout_layer_cave, uniq_aizul
Snake:3:  layout_layer_cave, gammafunk_ghost_arena, st_stairs_1,
          nicolae_snake_the_dead_are_slithering, uniq_vashnia, uniq_nikola

Skill      XL: |  1  2  3  4  5  6  7  8  9 10 11 12 13 |
---------------+----------------------------------------+-----
Fighting       | 4 5 6 8 9 11 12 13 15 | 15.1
Axes           | 4 5 6 8 9 10 12 13 15 | 15.0
Armour         | 3 4 5 6 7 9 10 12 13 14 | 14.8
Dodging        | 3 4 5 6 8 9 11 12 13 | 13.5

Action                     |  1- 3 |  4- 6 |  7- 9 | 10-12 | 13-15 || total
---------------------------+-------+-------+-------+-------+-------++-------
  Melee: Hand axe          |    97 |   143 |   257 |       |       ||   497
         Headbutt          |    10 |    21 |    56 |    72 |    24 ||   183
         Punch             |       |     4 |       |     2 |       ||     6
         Broad axe         |       |       |    50 |   312 |   134 ||   496
 Invoke: Berserk           |       |       |     1 |     1 |     1 ||     3
         Brothers in Arms  |       |       |       |     2 |     3 ||     5
    Use: Scroll            |       |     4 |     3 |    11 |     1 ||    19
   Stab: Distracted        |       |       |       |       |     1 ||     1
 Armour: Animal skin       |    14 |       |       |       |       ||    14
         Chain mail        |    25 |    83 |    82 |       |       ||   190
         Scale mail        |     1 |       |       |       |       ||     1
         Plate armour      |       |       |    98 |   228 |    84 ||   410
  Dodge: Dodged            |    73 |   100 |   150 |   174 |    50 ||   547
  Block: Tower shield      |       |       |       |   186 |   119 ||   305
